 Dungeon Crawl Stone Soup version 0.19.4-8-ga85b6b9 (webtiles) character file.

15235 Jynx the Basher (level 11, 27/102 HPs)
             Began as a Minotaur Fighter on Feb 7, 2017.
             Was a High Priest of Okawaru.
             Quit the game on level 3 of the Lair of Beasts.
             The game lasted 00:23:57 (13588 turns).

Jynx the Basher (Minotaur Fighter)                 Turns: 13588, Time: 00:23:58

Health: 27/102     AC: 10    Str: 21    XL:     11   Next: 99%
Magic:  9/10       EV:  6    Int:  5    God:    Okawaru [*****.]
Gold:   695        SH:  8    Dex: 13    Spells: 0 memorised, 10 levels left

rFire  . . .     SeeInvis .     a - +0 flail
rCold  . . .     Gourm    .     b - +0 scale mail
rNeg   + . .     Faith    .     c - +1 shield
rPois  .         Spirit   .     (helmet restricted)
rElec  .         Reflect  .     r - +1 cloak
rCorr  +         Harm     .     y - +1 pair of gloves
MR     .....                    (no boots)
Stlth  ..........               (no amulet)
                                k - ring of positive energy
                                s - ring of resist corrosion

@: quite poisoned (27 -> 11), frozen, very heavily drained, very slow
A: retaliatory headbutt, horns 2
a: Heroism, Finesse, Renounce Religion


You were on level 3 of the Lair of Beasts.
You worshipped Okawaru.
Okawaru was extremely pleased with you.
You were very hungry.

You visited 3 branches of the dungeon, and saw 14 of its levels.

You collected 695 gold pieces.

Inventory:

Hand Weapons
 a - a +0 flail (weapon)
 w - a cursed +0 dire flail
Armour
 b - a +0 scale mail (worn)
 c - a +1 shield (worn)
 r - a +1 cloak (worn)
 y - a +1 pair of gloves (worn)
Jewellery
 k - a ring of positive energy (right hand)
 s - a ring of resist corrosion (left hand)
 D - an uncursed amulet of harm
 H - an uncursed ring of positive energy
 M - an uncursed ring of see invisible {unknown}
Wands
 x - a wand of polymorph (6/24)
 G - a wand of iceblast (6/15)
 J - a wand of disintegration (11/24)
 K - a wand of acid (3/15)
Scrolls
 g - 2 scrolls of amnesia
 l - a scroll of enchant armour
 n - 2 scrolls of fog
 q - a scroll of blinking
 B - a scroll of random uselessness {unknown}
 C - 3 scrolls of remove curse
 I - 3 scrolls of teleportation
 O - a scroll of identify
Potions
 d - 2 potions of might
 e - 5 potions of curing
 i - 2 potions of flight
 j - 6 potions of mutation
 o - 3 potions of lignification
 p - 4 potions of haste
 t - 2 potions of ambrosia
 u - 4 potions of agility
 z - a potion of invisibility
 A - a potion of brilliance {unknown}
Books
 E - a book of Necromancy

   Spells                             Type                      Level
   a - Pain                           Necromancy                   1
   b - Animate Skeleton               Necromancy                   1
   c - Vampiric Draining              Necromancy                   3
   d - Regeneration                   Charms/Necromancy            3
   e - Animate Dead                   Necromancy                   4
   f - Control Undead                 Necromancy                   4
 F - a book of Power

   Spells                             Type                      Level
   a - Fulminant Prism                Conjuration/Hexes            4
   b - Iskenderun's Mystic Blast      Conjuration                  4
   c - Venom Bolt                     Conjuration/Poison           5
   d - Bolt of Magma                  Conjuration/Fire/Earth       5
   e - Iron Shot                      Conjuration/Earth            6
   f - Orb of Destruction             Conjuration                  7
   g - Spellforged Servitor           Conjuration/Summoning        7
 L - a book of Enchantments

   Spells                             Type                      Level
   a - Cause Fear                     Hexes                        4
   b - Yara's Violent Unravelling     Hexes/Transmutation          5
   c - Silence                        Hexes/Air                    5
   d - Deflect Missiles               Charms/Air                   6
   e - Discord                        Hexes                        8
Miscellaneous
 N - a box of beasts
Comestibles
 f - 12 bread rations
 h - 3 slices of pizza
 m - 18 fruits
 v - 3 beef jerkies


   Skills:
 + Level 11.2(0.0) Fighting
 * Level 14.3(0.0) Maces & Flails
 + Level 10.9(0.0) Armour
 + Level 11.0(0.0) Shields


You had 10 spell levels left.
You didn't know any spells.

Dungeon Overview and Level Annotations

Branches:
Dungeon (10/15)            Temple (1/1) D:4            Lair (3/6) D:9
 Shoals (0/4) Lair:2        Snake (0/4) Lair:3          Orc (0/2) D:9

Altars:
Ashenzari
Cheibriados
Dithmenos
Elyvilon
Fedhas
Gozag
Hepliaklqana
Kikubaaqudgha
Makhleb
Nemelex Xobeh
Okawaru
Qazlal
Ru
Sif Muna
Trog
Uskayaw
Vehumet
Xom
Yredelemnul
Zin
The Shining One
Beogh

Shops:
D:6 ?[:?   D:8 (


Innate Abilities, Weirdness & Mutations

You reflexively headbutt those who attack you in melee.
You have a pair of horns on your head.


Message History

The rime drake breathes ice at you. The flash freeze hits you!
You are encased in ice.
The water moccasin bites you.
You are more poisoned.
The water moccasin poisons you! You block the rime drake's attack.
The water moccasin bites you but does no damage.
You closely miss the water moccasin.
The water moccasin is heavily wounded.
You feel very sick. You block the rime drake's attack.
The water moccasin bites you but does no damage.
The rime drake bites you.
* * * LOW HITPOINT WARNING * * *
The water moccasin closely misses you.
You feel very sick. You block the water moccasin's attack.
The rime drake bites you but does no damage.
Unknown command.
Are you sure you want to abandon this character and quit the game? (Confirm with "yes".)

...)........P# #......P
#.#........>####......##
##.............#.....P.#
###.........##........P#
#.........##.P........
#....................#
#...............<...#
##.........P#.kS.....# .#
#..P....######.@###..#
... ###...P##.###
##.#....# .#.
#...........# ##.#.P.# ##
#...........###......# #
............##.......####
###
...............P.........
#P.
#..........#..###....#.#
... #..........'..#
#....# # .#
#............## ###..#


You could see a rime drake and a water moccasin.

Vanquished Creatures
  Harold (D:10)
  A hydra (Lair:1)
  The ghost of Bavatarro the Spear-Bearer, a novice DsBe of Trog (D:8)
  Sonja (Lair:3)
  An unseen horror (D:9)
  Pikel (D:3)
  Maurice (D:9)
  A siren (Lair:2)
  2 spiny frogs
  A black mamba (Lair:2)
  A rime drake (Lair:1)
  A komodo dragon (Lair:2)
  A two-headed ogre (D:8)
  2 polar bears
  Grinder (D:3)
  A hippogriff (D:9)
  2 spriggans
  Sigmund (D:3)
  14 yaks
  The ghost of Jynx the Cudgeler, an amateur MiFi (D:4)
  2 basilisks
  Eustachio (D:6)
  9 water moccasins
  4 porcupines
  5 black bears
  3 orc warriors
  2 ice beasts (D:9)
  A sky beast (D:9)
  A slave (D:3)
  2 phantoms (D:9)
  An ogre (D:6)
  3 wolves (Lair:2)
  A centaur (D:9)
  7 crocodiles
  8 bullfrogs
  A wyvern zombie (D:9)
  Blork the orc (D:4)
  3 scorpions
  4 wights
  A howler monkey (D:6)
  2 crimson imps
  3 hounds (D:8)
  3 jellies
  A bullfrog zombie (D:8)
  5 orc priests
  Jessica (D:3)
  5 iguanas
  6 worker ants
  Natasha (thrice) (D:3)
  2 orc wizards
  A hound skeleton (D:6)
  A howler monkey zombie (D:6)
  2 worker ant zombies
  Robin (D:3)
  16 adders
  3 shadow imps
  2 oozes
  3 adder skeletons
  An adder zombie (D:7)
  2 worms
  A dart slug (D:2)
  6 leopard geckos
  28 orcs
  3 ball pythons
  7 giant cockroaches
  10 goblins
  12 hobgoblins
  18 jackals
  4 quokkas
  7 bats
  8 frilled lizards
  2 kobolds (D:1)
  A leopard gecko zombie (D:6)
  A quokka skeleton (D:8)
  6 rats
273 creatures vanquished.

Vanquished Creatures (others)
  A quokka (D:9)
  4 fungi
  3 plants
8 creatures vanquished.

Grand Total: 281 creatures vanquished

Notes
Turn   | Place    | Note
-------+----------+-------------------------------------------
     0 | D:1      | Jynx the Minotaur Fighter began the quest for the Orb.
     0 | D:1      | Reached XP level 1. HP: 19/19 MP: 0/0
   342 | D:1      | Reached XP level 2. HP: 27/27 MP: 1/1
   830 | D:2      | Reached skill level 3 in Maces & Flails
   881 | D:2      | Reached XP level 3. HP: 25/33 MP: 2/2
  1050 | D:3      | Noticed Natasha
  1054 | D:3      | Noticed Robin
  1060 | D:3      | Killed Natasha
  1061 | D:3      | Reached XP level 4. HP: 26/40 MP: 3/3
  1063 | D:3      | Killed Robin
  1229 | D:3      | Noticed Natasha
  1234 | D:3      | Killed Natasha
  1234 | D:3      | Reached skill level 4 in Maces & Flails
  1267 | D:3      | Noticed Sigmund
  1281 | D:3      | Killed Sigmund
  1281 | D:3      | Reached skill level 5 in Maces & Flails
  1281 | D:3      | Reached XP level 5. HP: 25/47 MP: 4/4
  1287 | D:3      | Reached XP level 6. HP: 26/55 MP: 5/5
  1306 | D:3      | Noticed Natasha
  1312 | D:3      | HP: 2/55 [Natasha (8)]
  1314 | D:3      | Killed Natasha
  1314 | D:3      | Reached skill level 5 in Fighting
  1314 | D:3      | Reached skill level 5 in Armour
  1700 | D:3      | Noticed Grinder
  1712 | D:3      | Killed Grinder
  1712 | D:3      | Reached skill level 5 in Shields
  1808 | D:3      | Found a shattered altar of Ashenzari.
  1913 | D:3      | Reached XP level 7. HP: 61/61 MP: 6/6
  2118 | D:3      | Noticed Jessica
  2125 | D:3      | Killed Jessica
  2125 | D:3      | Reached skill level 6 in Maces & Flails
  2284 | D:4      | Noticed Jynx's ghost (amateur MiFi)
  2600 | D:4      | Noticed Pikel
  2875 | D:3      | Killed Pikel
  2875 | D:3      | Reached skill level 7 in Maces & Flails
  2875 | D:3      | Reached XP level 8. HP: 20/71 MP: 7/7
  3190 | D:4      | Found a staircase to the Ecumenical Temple.
  3199 | Temple   | Entered the Ecumenical Temple
  3340 | D:4      | Killed Jynx's ghost
  3492 | D:4      | Noticed Blork the orc
  3501 | D:4      | Killed Blork the orc
  3501 | D:4      | Reached skill level 8 in Maces & Flails
  3600 | D:5      | Entered Level 5 of the Dungeon
  3698 | D:5      | Found a hide-covered altar of Uskayaw.
  3748 | D:5      | Found an iron altar of Okawaru.
  3928 | D:6      | Found Effenlya's Book Shop.
  3952 | D:6      | Found Banlomel's Magic Scroll Shop.
  4114 | D:6      | Noticed Eustachio
  4136 | D:6      | Killed Eustachio
  4162 | D:6      | Found Ycecuk's Antique Armour Shoppe.
  4164 | D:6      | Found Juxtuqal's Magic Scroll Boutique.
  4198 | D:6      | Reached skill level 9 in Maces & Flails
  4262 | D:6      | Reached XP level 9. HP: 69/79 MP: 8/8
  4446 | D:6      | Found an ancient bone altar of Kikubaaqudgha.
  4501 | D:5      | Became a worshipper of Warmaster Okawaru
  5244 | D:8      | Found a shadowy altar of Dithmenos.
  5801 | D:8      | Found a glowing golden altar of the Shining One.
  5842 | D:8      | Reached skill level 10 in Maces & Flails
  5918 | D:8      | Noticed Bavatarro's ghost (novice DsBe)
  5944 | D:8      | Killed Bavatarro's ghost
  5944 | D:8      | Reached * piety under Okawaru
  6264 | D:8      | Found a hazy altar of Hepliaklqana.
  6453 | D:8      | Found a stormy altar of Qazlal.
  6542 | D:8      | Found Mute's Antique Weapon Boutique.
  6576 | D:8      | Reached skill level 11 in Maces & Flails
  6581 | D:8      | Reached ** piety under Okawaru
  6581 | D:8      | Reached XP level 10. HP: 90/90 MP: 9/9
  6790 | D:9      | Found a white marble altar of Elyvilon.
  7008 | D:9      | Found a staircase to the Orcish Mines.
  7208 | D:9      | Killed an unseen horror
  7208 | D:9      | Reached *** piety under Okawaru
  7372 | D:9      | Reached skill level 12 in Maces & Flails
  7380 | D:9      | Found a shimmering altar of Xom.
  7557 | D:9      | Noticed Maurice
  7854 | D:9      | Killed Maurice
  7869 | D:9      | Found a staircase to the Lair.
  7904 | D:10     | Entered Level 10 of the Dungeon
  7980 | D:10     | Noticed Harold
  8005 | D:10     | Killed Harold
  8005 | D:10     | Reached **** piety under Okawaru
  8223 | D:10     | Found a roughly hewn altar of Beogh.
  8570 | Lair:1   | Entered Level 1 of the Lair of Beasts
  8584 | Lair:1   | Noticed a five-headed hydra
  8598 | Lair:1   | Killed a five-headed hydra
  8598 | Lair:1   | Reached skill level 10 in Fighting
  8598 | Lair:1   | Reached XP level 11. HP: 63/99 MP: 8/10
  8618 | Lair:1   | HP: 3/99 [yak (13)]
  8619 | Lair:1   | HP: 1/99 [yak (2)]
  9020 | D:9      | Reached skill level 13 in Maces & Flails
  9128 | Lair:1   | Reached skill level 10 in Armour
  9128 | Lair:1   | Reached skill level 10 in Shields
  9135 | Lair:1   | Reached ***** piety under Okawaru
 10908 | Lair:2   | Reached skill level 14 in Maces & Flails
 10915 | Lair:2   | Found a staircase to the Shoals.
 11416 | Lair:3   | Found a staircase to the Snake Pit.
 11454 | Lair:2   | Received a gift from Okawaru
 11911 | Lair:3   | Noticed Sonja
 12087 | Lair:3   | HP: 5/102 [poisoned by a water moccasin]
 12092 | Lair:3   | HP: 3/102 [poisoned by a water moccasin]
 12099 | Lair:3   | HP: 2/102 [poisoned by a water moccasin]
 12106 | Lair:3   | HP: 2/102 [poisoned by a water moccasin]
 12114 | Lair:3   | HP: 2/102 [poisoned by a water moccasin]
 13236 | Lair:3   | Killed Sonja
 13588 | Lair:3   | Quit the game

Skill      XL: |  1  2  3  4  5  6  7  8  9 10 11 |
---------------+----------------------------------+-----
Armour         | 4 5 6 7 8 9 10 | 10.9
Maces & Flails | 3 5 7 9 11 12 14 | 14.3
Fighting       | 4 5 6 7 8 10 11 | 11.2
Shields        | 4 5 6 7 8 9 11 | 11.0

Action                   |  1- 3 |  4- 6 |  7- 9 | 10-12 || total
-------------------------+-------+-------+-------+-------++-------
Melee: Flail             |    66 |    84 |   361 |   633 ||  1144
       Headbutt          |    10 |    11 |    81 |   130 ||   232
Invok: Heroism           |       |       |       |    11 ||    11
       Finesse           |       |       |       |     1 ||     1
  Use: Scroll            |     5 |     3 |    11 |     7 ||    26
       Potion            |       |       |     3 |     5 ||     8
  Eat: Chunk             |       |     3 |    14 |    18 ||    35
       Fruit             |       |       |     2 |     4 ||     6
Armor: Scale mail        |    30 |    17 |   116 |   256 ||   419
Dodge: Dodged            |    26 |    21 |    90 |   174 ||   311
Block: Shield            |    35 |    32 |   207 |   372 ||   646
